 Dungeon Crawl Stone Soup version 0.18.1-48-g4cf74bf (webtiles) character file.

327 DungeonyCrawlthano the Insei (level 6, -4/53 HPs)
             Began as a Demonspawn Monk on Aug 13, 2016.
             Slain by an ogre
             ... wielding a cursed +0 giant club
              (33 damage)
             ... on level 4 of the Dungeon.
             The game lasted 00:05:13 (3757 turns).

DungeonyCrawlthano the Insei (Demonspawn Monk)      Turns: 3757, Time: 00:05:14

Health: -4/53      AC:  3    Str: 11    XL:     6   Next: 24%
Magic:  6/6        EV: 13    Int: 11    God:
Gold:   173        SH:  0    Dex: 18    Spells: 0 memorised, 5 levels left

rFire  . . .     SeeInvis .       - Unarmed
rCold  + . .     Gourm    .     a - +0 robe
rNeg   . . .     Faith    .     (no shield)
rPois  .         Spirit   .     (no helmet)
rElec  +         Dismiss  .     (no cloak)
rCorr  .         Reflect  .     (no gloves)
SustAt .         Harm     .     (no boots)
MR     .....                    (no amulet)
Stlth  ++........               (no ring)
                                (no ring)

@: not resistant to hostile enchantments, unstealthy
A: rugged brown scales 1, cold resistance 1, demonic guardian 2, powered by pain
1, robust 1, electricity resistance, sturdy frame 1
a: no special abilities


You were on level 4 of the Dungeon.
You were not hungry.

You visited 1 branch of the dungeon, and saw 4 of its levels.

You collected 173 gold pieces.

Inventory:

Armour
 a - a +0 robe (worn)
Jewellery
 d - an uncursed ring of flight
Wands
 f - a wand of iceblast (9/15)
Scrolls
 c - 3 scrolls of teleportation
Potions
 e - a potion of brilliance {unknown}
 g - a potion of might
 i - 3 potions of curing
 k - 2 potions of heal wounds {unknown}
 l - a potion of berserk rage {unknown}
Comestibles
 b - 2 bread rations
 h - 2 slices of pizza
 m - 2 meat rations


   Skills:
 - Level 3.0 Fighting
 - Level 2.6 Dodging
 - Level 1.7 Stealth
 + Level 6.9 Unarmed Combat


You had 5 spell levels left.
You didn't know any spells.

Dungeon Overview and Level Annotations

Branches:
Dungeon (4/15)
 Temple: D:4-7

Altars:
Ashenzari
Elyvilon
Gozag
Kikubaaqudgha
Makhleb
Trog


Innate Abilities, Weirdness & Mutations

You are partially covered in rugged brown scales (AC +1, +3% HP).
A demonic guardian rushes to your aid.
You sometimes gain a little power by taking damage.
Your flesh is cold resistant.
You are robust (+10% HP).
You are resistant to electric shocks.
Your movements are slightly less encumbered by armour (ER -2).


Message History

m - 2 meat rations (gained 1)
You see here a leather armour.
There is an open door here.
There is a stone staircase leading up here.
There is an open door here.
You open the door.
There is an open door here.
An ogre comes into view. It is wielding a giant club.
The ogre shouts!
An ogre is nearby!
An ogre is nearby!
An ogre is nearby!
You hit the ogre but do no damage. The ogre hits you with a giant club!!
You barely miss the ogre. The ogre closely misses you.
You barely miss the ogre. You barely miss the ogre.
You punch the ogre, but do no damage.
Your smoke demon gestures at the ogre.
The ogre is smitten.
The ogre hits you with a giant club!!
Ouch! That really hurt!
You die...

......##'###.....................
......(..........................
.................................
.................................
............##+####....##########
#############.....#....#...# #
#......#....'...# #
#......'....#...# #
##...@##....#..####### .#
#...O#.....###....... .+
#..3..+.....#...#..... .#
#.....#.....#..<#..... .#
#.....#.....#...#..... .#
#.....#.....#...#..... .#
#.##+##.....#......... .# ##
...####..#####.. .# ....#......#
#..


You could see an ogre and a friendly smoke demon.

Vanquished Creatures
  2 worker ants (D:4)
  7 adders
  2 oozes
  A worm (D:2)
  2 dart slugs
  A giant gecko (D:3)
  6 orcs
  6 bats
  3 bat zombies (D:3)
  2 giant cockroaches
  8 hobgoblins
  7 jackals
  A quokka (D:3)
  2 giant gecko skeletons (D:4)
  2 giant newts
  5 goblins
  4 kobolds
  8 rats
  2 rat zombies (D:3)
71 creatures vanquished.

Vanquished Creatures (collateral kills)
  Menkaure (D:4)
  The ghost of DungeonyCrawlthano the Insei, an amateur DsMo (D:3)
  An orc (D:3)
  A jackal (D:3)
4 creatures vanquished.

Grand Total: 75 creatures vanquished

Notes
Turn   | Place    | Note
--------------------------------------------------------------
     0 | D:1      | DungeonyCrawlthano the Demonspawn Monk began the quest for the Orb.
     0 | D:1      | Reached XP level 1. HP: 18/18 MP: 1/1
   325 | D:1      | Reached skill level 4 in Unarmed Combat
   325 | D:1      | Gained mutation: You sometimes gain a little power by taking damage. [demonic ancestry]
   325 | D:1      | Reached XP level 2. HP: 23/24 MP: 2/2
   671 | D:2      | HP: 1/24 [adder (5)]
   673 | D:2      | Gained mutation: A weak demonic guardian rushes to your aid. [demonic ancestry]
   673 | D:2      | Reached XP level 3. HP: 15/29 MP: 3/3
  1050 | D:2      | Gained mutation: Your flesh is cold resistant. [potion of mutation]
  1050 | D:2      | Gained mutation: You have a pair of small antennae on your head. [potion of mutation]
  1050 | D:2      | Gained mutation: You are robust (+10% HP). [potion of mutation]
  1051 | D:2      | Lost mutation: You have a pair of small antennae on your head. [potion of mutation]
  1051 | D:2      | Gained mutation: Your movements are slightly less encumbered by armour (ER -2). [potion of mutation]
  1051 | D:2      | Gained mutation: You are resistant to electric shocks. [potion of mutation]
  1484 | D:2      | Reached skill level 5 in Unarmed Combat
  1561 | D:3      | Gained mutation: A demonic guardian rushes to your aid. [demonic ancestry]
  1561 | D:3      | Reached XP level 4. HP: 31/38 MP: 4/4
  1710 | D:3      | Found a white marble altar of Elyvilon.
  1857 | D:3      | Found a burning altar of Makhleb.
  1896 | D:3      | Noticed DungeonyCrawlthano's ghost (amateur DsMo)
  1897 | D:3      | Found a shattered altar of Ashenzari.
  1897 | D:3      | Found an opulent altar of Gozag.
  1927 | D:3      | Killed DungeonyCrawlthano's ghost
  1927 | D:3      | Reached XP level 5. HP: 16/45 MP: 5/5
  2309 | D:3      | Reached skill level 6 in Unarmed Combat
  2336 | D:3      | Found an ancient bone altar of Kikubaaqudgha.
  2405 | D:3      | Found a bloodstained altar of Trog.
  3551 | D:4      | Noticed Menkaure
  3559 | D:4      | Killed Menkaure
  3559 | D:4      | Gained mutation: You are partially covered in rugged brown scales (AC +1, +3% HP). [demonic ancestry]
  3559 | D:4      | Reached XP level 6. HP: 37/53 MP: 6/6
  3757 | D:4      | Slain by an ogre

Skill      XL: |  1  2  3  4  5 |
---------------+----------------+-----
Unarmed Combat | 4 5 6 |  6.9
Fighting       | |  3.0
Dodging        | |  2.6
Stealth        | |  1.7

Action                   |  1- 3 |  4- 6 || total
-------------------------+-------+-------++-------
Melee: Unarmed           |   138 |   166 ||   304
       Punch             |     5 |     4 ||     9
  Use: Scroll            |     8 |     1 ||     9
       Potion            |     5 |       ||     5
 Stab: Sleeping          |     4 |     1 ||     5
       Distracted        |     1 |       ||     1
  Eat: Chunk             |     1 |     8 ||     9
Armor: Robe              |    29 |    19 ||    48
Dodge: Dodged            |    87 |   110 ||   197
